 Dungeon Crawl Stone Soup version 0.27-a0-705-ga0013940fb (webtiles) character file.

Game seed: 12586113405655924277

1671 sleeves the Spear-Bearer (level 9, -2/61 HPs)
             Began as a Merfolk Delver on Mar 22, 2021.
             Was an Initiate of Hepliaklqana.
             Slain by an unseen horror (8 damage)
             ... on level 6 of the Dungeon.
             The game lasted 00:19:53 (10592 turns).

sleeves the Spear-Bearer (Merfolk Delver)          Turns: 10592, Time: 00:19:54

Health: -2/61      AC:  8    Str: 16    XL:     9   Next: 1%
Magic:  9/9        EV: 13    Int:  9    God:    Hepliaklqana [......]
Gold:   225        SH:  4    Dex: 15    Spells: 8/8 levels left

rFire    . . .     SeeInvis .   q - +5 halberd
rCold    . . .     Faith    .   (shield currently unavailable)
rNeg     . . .     Spirit   .   i - +0 ring mail
rPois    .         Reflect  .   (no helmet)
rElec    .         Harm     .   (no cloak)
rCorr    .         Rampage  .   (no gloves)
Will     .....                  l - +0 pair of boots
Stlth    ++........             (no amulet)
HPRegen  0.20/turn              (no ring)
MPRegen  0.11/turn              (no ring)

@: no status effects
A: reduced essence, (nimble swimmer 2), mertail, large bone plates 1, thin
metallic scales 1, screaming 1
a: Renounce Religion, Recall Ancestor, Ancestor Identity


You were on level 6 of the Dungeon.
You worshipped Hepliaklqana.
Hepliaklqana was noncommittal.
You visited 2 branches of the dungeon, and saw 7 of its levels.

You collected 225 gold pieces.

Inventory:

Hand Weapons
 a - a +0 spear
 q - a +5 halberd (weapon)
   (You took it off a wight on level 6 of the Dungeon)
Armour
 i - a +0 ring mail (worn)
   (You found it on level 1 of the Dungeon)
 l - a +0 pair of boots (worn)
   (You found it on level 4 of the Dungeon)
Wands
 b - a wand of flame (11)
   (You found it on level 4 of the Dungeon)
 g - a wand of digging (5)
 j - a wand of paralysis (7)
   (You found it on level 5 of the Dungeon)
 n - a wand of polymorph (8)
   (You found it on level 5 of the Dungeon)
Scrolls
 c - 2 scrolls of fog
 d - 2 scrolls of magic mapping
 e - a scroll of vulnerability
 f - a scroll of amnesia
 h - a scroll of torment {unknown}
 k - a scroll of teleportation
 r - a scroll of random uselessness {unknown}


   Skills:
 + Level 5.6 Fighting
 + Level 12.0 Polearms
 + Level 2.9 Armour
 + Level 6.0 Dodging
 - Level 5.4 Stealth


You had 8 spell levels left.
You didn't know any spells.
Your spell library contained the following spells:

 Spells                   Type           Power      Damage    Failure   Level
 Animate Skeleton         Necr           0%         N/A       58%         1
 Apportation              Tloc           0%         N/A       58%         1
 Corona                   Hex            0%         N/A       58%         1
 Pain                     Necr           0%         1d4       58%         1
 Summon Small Mammal      Summ           0%         N/A       58%         1
 Ensorcelled Hibernation  Hex/Ice        0%         N/A       75%         2
 Confusing Touch          Hex            0%         N/A       92%         3
 Dazzling Flash           Conj/Hex       0%         N/A       92%         3
 Tukima's Dance           Hex            0%         N/A       92%         3
 Vampiric Draining        Necr           0%         2d6       92%         3
 Animate Dead             Necr           0%         N/A       100%        4
 Agony                    Necr           0%         N/A       100%        5


Dungeon Overview and Level Annotations

Branches:
Dungeon (6/15)             Temple (1/1) D:4

Altars:
Ashenzari
Cheibriados
Dithmenos
Elyvilon
Fedhas
Gozag
Hepliaklqana
Makhleb
Nemelex Xobeh
Okawaru
Qazlal
Ru
Sif Muna
Trog
Uskayaw
Vehumet
Wu Jian
Xom
Yredelemnul
Zin
The Shining One

Shops:
D:6 (


Innate Abilities, Weirdness & Mutations

Your life essence is reduced to manifest your ancestor. (-10% HP)
((You are quick and stealthy while swimming. (Stealth+, EV+, Speed+++)))
Your lower body shifts to a powerful aquatic tail in water.
You are partially covered in large bone plates. (SH +4)
You are partially covered in thin metallic scales. (AC +2)
You occasionally shout uncontrollably at your foes.


Message History

The iguana bites you!
You hit the iguana but do no damage.
The iguana is severely wounded.
You hit the iguana.
The iguana is severely wounded.
The iguana barely misses you.
You hit the iguana but do no damage.
The iguana is severely wounded.
You hit the iguana but do no damage.
The iguana is severely wounded.
The iguana bites you!
You hit the iguana but do no damage.
The iguana is severely wounded.
The iguana bites you!
You are too injured to fight recklessly!
You are too injured to fight recklessly!
You are too injured to fight recklessly!
You are too injured to fight recklessly!
You are too injured to fight recklessly!
You are too injured to fight recklessly!
You are too injured to fight recklessly!
You are too injured to fight recklessly!
You are too injured to fight recklessly!
You are too injured to fight recklessly!
You are too injured to fight recklessly!
You are too injured to fight recklessly!
You are too injured to fight recklessly!
The iguana barely misses Fuuwa.
Fuuwa closely misses the iguana.
The iguana bites Fuuwa.
Fuuwa hits the iguana but does no damage.
The iguana closely misses Fuuwa.
Reach: a) +0 spear
Press: ? - help, Dir - move target, f/p - iguana
Aim: an iguana (severely wounded, ally target, about 29% to evade your +0 spear)
You reach to attack!
You hit the iguana but do no damage.
The iguana is severely wounded.
Reach: a) +0 spear
Press: ? - help, Dir - move target, f/p - iguana
Aim: an iguana (severely wounded, ally target, about 29% to evade your +0 spear)
You reach to attack!
You hit the iguana but do no damage.
The iguana is severely wounded.
The iguana bites Fuuwa!
Fuuwa hits the iguana.
The iguana dies!
Reach: a) +0 spear
Press: ? - help, Dir - move target, f - you That would be overly suicidal.
Okay, then.
Unknown command.
Key pressed, stopping explore.
An orc wizard comes into view. It is wielding a +0 dagger.
An orc wizard is nearby!
An orc wizard is nearby!
An orc comes into view. It is wielding a +0 hand axe.
You reach to attack!
The helpless orc wizard fails to defend itself.
You hit the orc wizard.
The orc wizard is lightly wounded.
You reach to attack!
You closely miss the orc wizard.
The orc wizard is lightly wounded.
The orc shouts!
You miss the orc wizard.
The orc wizard is lightly wounded.
You barely miss the orc wizard.
The orc wizard is lightly wounded.
Fuuwa closely misses the orc wizard.
The orc wizard hits Fuuwa with a +0 dagger.
You hit the orc wizard but do no damage.
The orc wizard is lightly wounded.
Fuuwa barely misses the orc wizard.
You hit the orc wizard but do no damage.
The orc wizard is lightly wounded.
The orc wizard barely misses you.
You hit the orc wizard but do no damage.
The orc wizard is lightly wounded.
Fuuwa hits the orc wizard.
You hit the orc wizard.
The orc wizard is heavily wounded.
The orc wizard hits you but does no damage.
You barely miss the orc wizard.
The orc wizard is heavily wounded.
Fuuwa hits the orc wizard.
You catch the helpless orc wizard completely off-guard!
You hit the orc wizard.
The orc wizard is heavily wounded.
The orc wizard barely misses Fuuwa.
You barely miss the orc wizard.
The orc wizard is heavily wounded.
Fuuwa closely misses the orc wizard.
You hit the orc.
The orc is lightly wounded.
You hit the orc.
The orc is heavily wounded.
Fuuwa completely misses the orc.
You hit the orc.
You kill the orc!
You reach to attack!
You hit the orc wizard.
The orc wizard is severely wounded.
The orc wizard hits Fuuwa with a +0 dagger.
You reach to attack!
You hit the orc wizard.
The orc wizard is almost dead.
You reach to attack!
You hit the orc wizard.
You kill the orc wizard!
Fuuwa closely misses the orc.
You could not reach far enough!
Fuuwa hits the orc.
You could not reach far enough!
The orc closely misses Fuuwa.
You reach to attack!
You hit the orc.
The orc is almost dead.
Fuuwa hits the orc but does no damage.
You could not reach far enough!
The orc misses Fuuwa.
You reach to attack!
You hit the orc but do no damage.
The orc is almost dead.
Fuuwa hits the orc but does no damage.
You reach to attack!
You barely miss the orc.
The orc is almost dead.
The orc hits Fuuwa with a +0 hand axe!
You could not reach far enough!
Fuuwa misses the orc.
The orc barely misses Fuuwa.
You could not reach far enough!
You reach to attack!
You hit the orc but do no damage.
The orc is almost dead.
Fuuwa closely misses the orc.
The orc hits Fuuwa with a +0 hand axe.
You could not reach far enough!
You could not reach far enough!
Fuuwa barely misses the orc.
The orc hits Fuuwa with a +0 hand axe.
You could not reach far enough!
You reach to attack!
You hit the orc but do no damage.
The orc is almost dead.
Fuuwa barely misses the orc.
The orc hits Fuuwa with a +0 hand axe!
You could not reach far enough!
You could not reach far enough!
Fuuwa closely misses the orc.
The orc barely misses Fuuwa.
You reach to attack!
You hit the orc.
You kill the orc!
No target in view!
No target in view!
No target in view!
You swap places.
Things that are here:
a +0 short sword; an orc corpse
Items here: )) [[ †.
Items here: )) [[ †.
Things that are here:
a +0 short sword; an orc corpse Key pressed, stopping explore.
A white imp is nearby!
A white imp is nearby!
The white imp gestures at you. The puff of frost hits you.
The white imp gestures at you. The puff of frost hits you.
You hit the white imp.
The white imp is heavily wounded.
The white imp gestures at you. The puff of frost hits you!
You hit the white imp.
The white imp is almost dead.
You hit the white imp but do no damage.
The white imp is almost dead.
Fuuwa hits the white imp but does no damage.
The white imp hits you but does no damage.
You closely miss the white imp.
The white imp is almost dead.
Fuuwa hits the white imp.
The white imp dies!
No target in view!
No target in view!
No target in view!
No target in view!
No target in view!
No target in view!
No target in view!
No target in view!
No target in view!
No target in view!
Key pressed, stopping explore.
Found an escape hatch in the floor.
p - a red potion Done exploring.
No target in view!
Done exploring.
Done exploring.
Done exploring.
Done exploring.
Done exploring.
Done exploring.
(D) Dungeon (T) Temple
Where to? (Enter - D:4 @ (x,y), ? - help)
You see here a +0 leather armour.
The frilled lizard hisses angrily.
There is a stone staircase leading down here.
You climb downwards.
There is a stone staircase leading up here.
You swap places.
Found a ring mail.
A wight comes into view. It is wielding a +5 halberd.
A wight is nearby!
There is a stone staircase leading up here.
You could not reach far enough!
You could not reach far enough!
The wight hits you from afar with a +5 halberd.
You feel drained.
Fuuwa hits the wight but does no damage.
You could not reach far enough!
You could not reach far enough!
The wight hits you from afar with a +5 halberd.
Fuuwa hits the wight.
You reach to attack!
You closely miss the wight.
The wight is moderately damaged.
The wight barely misses you.
You could not reach far enough!
Fuuwa hits the wight.
You reach to attack!
You hit the wight but do no damage.
The wight is severely damaged.
The wight completely misses you.
You could not reach far enough!
Fuuwa hits the wight but does no damage.
You could not reach far enough!
The wight hits Fuuwa with a +5 halberd!
You could not reach far enough!
Fuuwa closely misses the wight.
You could not reach far enough!
The wight closely misses Fuuwa.
You could not reach far enough!
Fuuwa closely misses the wight.
You reach to attack!
You hit the wight but do no damage.
The wight is severely damaged.
The wight hits you from afar with a +5 halberd!
You feel drained.
You reach to attack!
You hit the wight but do no damage.
The wight is severely damaged.
Fuuwa barely misses the wight.
You reach to attack!
You hit the wight but do no damage.
The wight is severely damaged.
The wight closely misses you.
You reach to attack!
You hit the wight.
The wight is almost destroyed.
Fuuwa hits the wight.
The wight is destroyed!
No target in view!
No target in view!
You swap places.
Things that are here:
a +5 halberd; a +0 robe
q - a +5 halberd You swap places.
There is a stone staircase leading up here.
q - a +5 halberd (weapon)
You swing at nothing.
You swing at nothing.
HP restored.
You see here a +0 ring mail.
You swap places.
You see here a +0 ring mail.
Key pressed, stopping explore. 2 wights come into view.
A wight is wielding a +3 falchion of freezing.
There are monsters nearby!
Found a leather armour.
You reach to attack!
You closely miss the wight. You hit the wight.
The wight is moderately damaged.
Fuuwa barely misses the wight.
You hit the wight.
The wight is moderately damaged.
The wight hits you with a +3 falchion of freezing.
You feel drained. The wight freezes you. The wight hits you but does no damage.
Fuuwa hits the wight.
You hit the wight.
The wight is almost destroyed.
The wight hits you but does no damage.
Fuuwa hits the wight.
The wight is destroyed!
The wight barely misses you.
Your Armour skill increases to level 2!
You closely miss the wight.
The wight hits you with a +2 long sword.
You hit the wight but do no damage.
Fuuwa hits the wight.
The wight hits you with a +2 long sword!
You puncture the wight!
You destroy the wight!
Your life force feels restored.
You are too injured to fight recklessly!
You are too injured to fight recklessly!
You are too injured to fight recklessly!
You are too injured to fight recklessly!
You are too injured to fight recklessly!
You are too injured to fight recklessly!
You are too injured to fight recklessly!
You are too injured to fight recklessly!
You are too injured to fight recklessly!
You are too injured to fight recklessly!
Key pressed, stopping explore.
You swap places.
Things that are here:
a +3 falchion of freezing; a +0 robe
Things that are here:
a +2 long sword; a +0 robe You see here a +0 leather armour.
An orc comes into view. It is wielding a +0 whip.
A bullfrog and an orc come into view.
Found a chain mail.
Found an escape hatch in the floor.
The orc shouts! x2; The bullfrog croaks.
You hear a shout!
An orc wizard comes into view. It is wielding a +0 dagger.
An orc warrior comes into view. It is wielding a +0 short sword.
You swap places.
You reach to attack!
You closely miss the bullfrog.
The bullfrog hits Fuuwa.
Fuuwa completely misses the bullfrog.
The bullfrog hits Fuuwa!
You could not reach far enough!
The bullfrog hits Fuuwa.
Fuuwa misses the bullfrog.
You could not reach far enough!
The bullfrog barely misses Fuuwa.
Fuuwa hits the bullfrog.
You reach to attack!
You slash the bullfrog!
The bullfrog is severely wounded.
The bullfrog barely misses Fuuwa.
The orc wizard gestures at itself while chanting.
The orc wizard flickers and vanishes!
Deactivating autopickup; reactivate with Ctrl-A.
The bullfrog hits Fuuwa.
You reach to attack!
You puncture the bullfrog!
You kill the bullfrog!
You hear some strange, mumbled words.
Fuuwa resists with some effort.
Your Dodging skill increases to level 5!
You swap places.
An orc wizard comes into view. It is wielding a +0 dagger.
Something you can't see is in the way.
You slash something!
Reactivating autopickup.
You feel a bit more experienced.
A gnoll comes into view. It is wielding a +0 whip.
You swap places.
The orc warrior hits Fuuwa with a +0 short sword!!
Fuuwa is destroyed!
The orc wizard points at itself and mumbles some strange words.
The orc wizard flickers and vanishes!
Deactivating autopickup; reactivate with Ctrl-A.
You see here a +0 leather armour.
Things that are here:
a +2 long sword; a +0 robe You see here a +0 robe.
There is a stone staircase leading up here.
You climb upwards.
Reactivating autopickup.
There is a stone staircase leading down here.
There is a stone staircase leading down here.
You climb downwards.
An orc comes into view. It is wielding a +0 dagger.
Fuuwa emerges from the mists of memory!
Found 38 gold pieces and 12 stones.
Found a stone staircase leading down.
There is a stone staircase leading up here.
An orc is nearby!
You swap places.
An orc wizard comes into view. It is wielding a +0 dagger.
The orc wizard shouts!
The orc shouts!
You hear a shout! x3
You see here 18 gold pieces.
You reach to attack!
You slash the orc!
You kill the orc!
An orc warrior comes into view.
It is wielding a +2 glaive of protection.
An orc wizard comes into view. It is wielding a +0 dagger.
Fuuwa hits the orc wizard.
You barely miss the orc wizard.
The orc wizard is moderately wounded.
An orc comes into view. It is wielding a +0 hand axe.
The orc wizard closely misses you.
You barely miss the orc wizard.
The orc wizard is moderately wounded.
Fuuwa barely misses the orc wizard.
An orc comes into view. It is wielding a +0 dagger.
The orc wizard hits Fuuwa with a +0 dagger.
You closely miss the orc wizard.
The orc wizard is moderately wounded.
Fuuwa closely misses the orc wizard.
You puncture the orc wizard!
You kill the orc wizard!
The orc enters a dispersal trap!
The orc blinks!
The orc wizard blinks! x2
The orc warrior blinks!
Fuuwa blinks!
The orc warrior blinks!
You blink.
The orc blinks!
Your Fighting skill increases to level 5!
Found a stone staircase leading down.
The orc wizard points at you and mumbles some strange words.
The puff of flame misses you.
A hound comes into view.
The orc warrior hits you from afar with a +2 glaive of protection!!
Fuuwa hits the orc warrior.
The orc warrior misses you.
The orc hits Fuuwa with a +0 dagger.
There is a stone staircase leading up here.
Fuuwa closely misses the orc.
The sky beast hits you but does no damage.
The orc warrior completely misses you.
The orc hits Fuuwa with a +0 dagger.
You climb upwards.
There is a stone staircase leading down here.
You are too injured to fight recklessly!
You are too injured to fight recklessly!
You are too injured to fight recklessly!
You are too injured to fight recklessly!
You are too injured to fight recklessly!
You slash the sky beast!
The sky beast is moderately wounded.
The sky beast flickers out of sight!
Deactivating autopickup; reactivate with Ctrl-A.
Something hits you. Something shocks you.
* * * LOW HITPOINT WARNING * * *
Fuuwa hits something but does no damage.
Reach: q) +5 halberd
Press: ? - help, Dir - move target, f - you That would be overly suicidal.
Okay, then.
Fuuwa closely misses something.
Fuuwa misses something.
A sky beast appears from thin air!
Reactivating autopickup.
Reach: q) +5 halberd
Press: ? - help, Dir - move target, f - sky beast
Aim: a sky beast (moderately wounded, ally target, about 43% to evade your +5 halberd)
You puncture the sky beast!
The sky beast is almost dead.
The sky beast hits you.
* * * LOW HITPOINT WARNING * * *
The sky beast shocks you.
* * * LOW HITPOINT WARNING * * *
Fuuwa closely misses the sky beast.
Reach: q) +5 halberd
Press: ? - help, Dir - move target, f/p - sky beast
Aim: a sky beast (almost dead, ally target, about 43% to evade your +5 halberd)
You slash the sky beast!
You kill the sky beast!
You start resting.
Unknown command.
An iguana is nearby!
You can't go down here!
(D) Dungeon (T) Temple
Where to? (Enter - D:5 @ (x,y), ? - help)
Okay, then.
You reach to attack!
You hit the iguana.
The iguana is moderately wounded.
You barely miss the iguana.
The iguana is moderately wounded.
The iguana bites you but does no damage.
You puncture the iguana!
You kill the iguana!
No target in view!
No target in view!
No target in view!
No target in view!
No target in view!
No target in view!
No target in view!
No target in view!
No target in view!
No target in view!
No target in view!
No target in view!
(D) Dungeon (T) Temple
Where to? (Enter - D:5 @ (x,y), ? - help) HP restored.
There is a stone staircase leading down here.
You climb downwards.
There is a stone staircase leading up here.
The orc warrior barely misses you.
You climb upwards.
There is a stone staircase leading down here.
You hit the orc warrior but do no damage.
The orc warrior closely misses you.
You closely miss the orc warrior.
Fuuwa closely misses the orc warrior.
The orc warrior hits you with a +0 scimitar!!
You are too injured to fight recklessly!
You are too injured to fight recklessly!
You are too injured to fight recklessly!
You are too injured to fight recklessly!
You are too injured to fight recklessly!
You are too injured to fight recklessly!
You are too injured to fight recklessly!
You are too injured to fight recklessly!
You are too injured to fight recklessly!
You are too injured to fight recklessly!
You are too injured to fight recklessly!
You are too injured to fight recklessly!
You are too injured to fight recklessly!
You are too injured to fight recklessly!
You are too injured to fight recklessly!
You are too injured to fight recklessly!
You are too injured to fight recklessly!
You are too injured to fight recklessly!
Fuuwa hits the orc warrior.
Fuuwa hits the orc warrior but does no damage.
Fuuwa hits the orc warrior.
You see here a +0 club.
Fuuwa closely misses the orc warrior.
Fuuwa is recalled.
The orc warrior misses you.
You swap places.
Fuuwa misses the orc warrior.
The orc warrior hits Fuuwa with a +0 scimitar!!
Reach: q) +5 halberd
Press: ? - help, Dir - move target, f - orc warrior
Aim: an orc warrior, wielding a +0 scimitar and wearing a +0 chain mail (moderately wounded, ally target, about 37% to evade your +5 halberd)
You reach to attack!
You closely miss the orc warrior.
The orc warrior is moderately wounded.
Fuuwa barely misses the orc warrior.
Reach: q) +5 halberd
Press: ? - help, Dir - move target, f/p - orc warrior
Aim: an orc warrior, wielding a +0 scimitar and wearing a +0 chain mail (moderately wounded, ally target, about 37% to evade your +5 halberd)
You reach to attack!
You hit the orc warrior but do no damage.
The orc warrior is moderately wounded.
The orc warrior hits Fuuwa with a +0 scimitar!
Fuuwa is destroyed!
There is a stone staircase leading up here.
You see here a +0 club.
Fuuwa emerges from the mists of memory!
Fuuwa hits the orc warrior but does no damage.
Fuuwa hits the orc warrior.
There is a stone staircase leading up here.
Reach: q) +5 halberd
Press: ? - help, Dir - move target, f/p - orc warrior
Aim: an orc warrior, wielding a +0 scimitar and wearing a +0 chain mail (moderately wounded, ally target, about 37% to evade your +5 halberd)
You hit the orc warrior.
The orc warrior is heavily wounded.
The orc warrior hits you with a +0 scimitar.
Reach: q) +5 halberd
Press: ? - help, Dir - move target, f/p - orc warrior
Aim: an orc warrior, wielding a +0 scimitar and wearing a +0 chain mail (heavily wounded, ally target, about 37% to evade your +5 halberd)
You puncture the orc warrior!
The orc warrior is almost dead.
Reach: q) +5 halberd
Press: ? - help, Dir - move target, f/p - orc warrior
Aim: an orc warrior, wielding a +0 scimitar and wearing a +0 chain mail (almost dead, ally target, about 37% to evade your +5 halberd)
You barely miss the orc warrior.
The orc warrior is almost dead.
The orc warrior hits you with a +0 scimitar!!
* * * LOW HITPOINT WARNING * * *
Fuuwa hits the orc warrior but does no damage.
The orc warrior closely misses you.
Fuuwa closely misses the orc warrior.
Reach: q) +5 halberd
Press: ? - help, Dir - move target, f/p - orc warrior
Aim: an orc warrior, wielding a +0 scimitar and wearing a +0 chain mail (almost dead, ally target, about 37% to evade your +5 halberd)
You reach to attack!
You hit the orc warrior but do no damage.
The orc warrior is almost dead.
Reach: q) +5 halberd
Press: ? - help, Dir - move target, f/p - orc warrior
Aim: an orc warrior, wielding a +0 scimitar and wearing a +0 chain mail (almost dead, ally target, about 37% to evade your +5 halberd)
You completely miss the orc warrior.
The orc warrior is almost dead.
The orc warrior hits you with a +0 scimitar!!
* * * LOW HITPOINT WARNING * * *
Fuuwa barely misses the orc warrior.
There is a stone staircase leading up, spattered with blood here.
You see here a +0 club.
There is a stone staircase leading up, spattered with blood here.
The orc warrior barely misses you.
You see here a +0 club.
There is a stone staircase leading up, spattered with blood here.
You see here a +0 club.
There is a stone staircase leading up, spattered with blood here.
The orc warrior closely misses you.
Fuuwa is recalled.
You swap places.
The orc warrior closely misses Fuuwa.
Fuuwa hits the orc warrior but does no damage.
Reach: q) +5 halberd
Press: ? - help, Dir - move target, f/p - orc warrior
Aim: an orc warrior, wielding a +0 scimitar and wearing a +0 chain mail (heavily wounded, ally target, about 37% to evade your +5 halberd)
You reach to attack!
You barely miss the orc warrior.
The orc warrior is heavily wounded.
The orc warrior closely misses Fuuwa.
Fuuwa closely misses the orc warrior.
Reach: q) +5 halberd
Press: ? - help, Dir - move target, f/p - orc warrior
Aim: an orc warrior, wielding a +0 scimitar and wearing a +0 chain mail (heavily wounded, ally target, about 37% to evade your +5 halberd)
You could not reach far enough!
The orc warrior hits Fuuwa with a +0 scimitar!
Fuuwa hits the orc warrior but does no damage.
Reach: q) +5 halberd
Press: ? - help, Dir - move target, f/p - orc warrior
Aim: an orc warrior, wielding a +0 scimitar and wearing a +0 chain mail (heavily wounded, ally target, about 37% to evade your +5 halberd)
You could not reach far enough!
The orc warrior barely misses Fuuwa.
Fuuwa hits the orc warrior but does no damage.
Reach: q) +5 halberd
Press: ? - help, Dir - move target, f/p - orc warrior
Aim: an orc warrior, wielding a +0 scimitar and wearing a +0 chain mail (heavily wounded, ally target, about 37% to evade your +5 halberd)
You reach to attack!
You barely miss the orc warrior.
The orc warrior is heavily wounded.
The orc warrior hits Fuuwa with a +0 scimitar!!
Fuuwa is destroyed!
You see here a +0 club.
There is a stone staircase leading up, spattered with blood here.
Fuuwa emerges from the mists of memory!
You swap places.
What are your orders? t - Shout!
Orders for allies: a - Attack new target. p - Attack previous target. r - Retreat! s - Stop attacking. g - Guard the area. f - Follow me.
Anything else - Cancel.
Follow me!
The orc warrior hits Fuuwa with a +0 scimitar!!
What are your orders? t - Shout!
Orders for allies: a - Attack new target. p - Attack previous target. r - Retreat! s - Stop attacking. g - Guard the area. f - Follow me.
Anything else - Cancel.
Follow me!
Reach: q) +5 halberd
Press: ? - help, Dir - move target, f/p - orc warrior
Aim: an orc warrior, wielding a +0 scimitar and wearing a +0 chain mail (heavily wounded, about 37% to evade your +5 halberd)
You reach to attack!
You closely miss the orc warrior.
The orc warrior is heavily wounded.
Fuuwa barely misses the orc warrior.
The orc warrior barely misses Fuuwa.
Reach: q) +5 halberd
Press: ? - help, Dir - move target, f/p - orc warrior
Aim: an orc warrior, wielding a +0 scimitar and wearing a +0 chain mail (heavily wounded, ally target, about 37% to evade your +5 halberd)
You reach to attack!
You hit the orc warrior.
The orc warrior is heavily wounded.
Fuuwa hits the orc warrior.
The orc warrior closely misses Fuuwa.
Reach: q) +5 halberd
Press: ? - help, Dir - move target, f/p - orc warrior
Aim: an orc warrior, wielding a +0 scimitar and wearing a +0 chain mail (severely wounded, ally target, about 37% to evade your +5 halberd)
You could not reach far enough!
Fuuwa closely misses the orc warrior.
The orc warrior hits Fuuwa with a +0 scimitar.
Reach: q) +5 halberd
Press: ? - help, Dir - move target, f/p - orc warrior
Aim: an orc warrior, wielding a +0 scimitar and wearing a +0 chain mail (severely wounded, ally target, about 37% to evade your +5 halberd)
You could not reach far enough!
Fuuwa hits the orc warrior but does no damage.
The orc warrior hits Fuuwa with a +0 scimitar!!
Fuuwa is destroyed!
You see here a +0 club.
There is a stone staircase leading up, spattered with blood here.
You see here a +0 club.
Fuuwa emerges from the mists of memory!
Fuuwa hits the orc warrior.
Reach: q) +5 halberd
Press: ? - help, Dir - move target, f/p - orc warrior
Aim: an orc warrior, wielding a +0 scimitar and wearing a +0 chain mail (severely wounded, ally target, about 37% to evade your +5 halberd)
You reach to attack!
You barely miss the orc warrior.
The orc warrior is severely wounded.
Fuuwa closely misses the orc warrior.
Fuuwa hits the orc warrior.
Fuuwa misses the orc warrior.
There is a stone staircase leading up, spattered with blood here.
Reach: q) +5 halberd
Press: ? - help, Dir - move target, f/p - orc warrior
Aim: an orc warrior, wielding a +0 scimitar and wearing a +0 chain mail (severely wounded, ally target, about 37% to evade your +5 halberd)
You puncture the orc warrior!
You kill the orc warrior!
Things that are here:
a +0 scimitar; a +0 chain mail; an orc corpse You swap places.
There is a stone staircase leading down, spattered with blood here.
You climb downwards.
The orc barely misses you.
There is a stone staircase leading up here.
You puncture the orc!
You kill the orc!
Fuuwa hits the orc.
The orc barely misses Fuuwa.
You reach to attack!
You closely miss the orc.
The orc is severely wounded.
Fuuwa closely misses the orc.
You closely miss the orc.
The orc is severely wounded.
Fuuwa closely misses the orc.
You barely miss the orc wizard. You puncture the orc!
You kill the orc!
Fuuwa hits the orc wizard but does no damage.
The orc wizard hits you with a +0 dagger.
You hit the orc wizard.
The orc wizard is lightly wounded.
Fuuwa hits the orc wizard.
The orc wizard hits you with a +0 dagger.
You slash the orc wizard!
The orc wizard is almost dead.
Fuuwa misses the orc wizard.
The orc wizard hits you but does no damage.
You barely miss the orc wizard.
The orc wizard is almost dead.
Fuuwa closely misses the orc wizard.
The orc wizard hits you but does no damage.
You puncture the orc wizard!
You kill the orc wizard!
No target in view!
No target in view!
HP restored.
You swap places.
Things that are here:
a +0 dagger; a +0 robe; an orc corpse
Things that are here:
a +0 club; a +0 ring mail; an orc corpse
There is an entrance to Refa's Antique Weapon Emporium here.
Things that are here:
a +0 hand axe; a +0 ring mail; an orc corpse
r - a scroll labelled KUYCSUDAG
Found a stone staircase leading down.
Things that are here:
a +0 robe; a +0 dagger A centaur comes into view.
The centaur wields a +0 shortbow.
The centaur shoots an arrow.
The arrow barely misses you.
The centaur shoots an arrow.
The arrow hits you!
The centaur shoots an arrow.
The arrow hits you but does no damage.
The centaur shoots an arrow.
The arrow closely misses you.
The centaur shoots an arrow.
The arrow hits you.
You reach to attack!
You hit the centaur.
The centaur is lightly wounded.
The centaur shoots an arrow.
The arrow hits you!
* * * LOW HITPOINT WARNING * * *
You are too injured to fight recklessly!
The centaur unwields a +0 shortbow.
The centaur hits you but does no damage.
The centaur completely misses you. The centaur hits you.
* * * LOW HITPOINT WARNING * * *
The centaur closely misses you.
You barely miss the centaur.
The centaur is lightly wounded.
The centaur hits you but does no damage.
The centaur barely misses you.
Fuuwa hits the centaur.
You hit the centaur.
The centaur is heavily wounded.
The centaur barely misses you. The centaur closely misses you.
Fuuwa closely misses the centaur.
The centaur hits you but does no damage.
The centaur completely misses you.
You slash the centaur!
You kill the centaur!
An iguana comes into view.
An iguana is nearby!
An iguana is nearby!
An iguana is nearby!
An iguana is nearby!
You are too injured to fight recklessly!
You are too injured to fight recklessly!
The iguana hisses menacingly.
What are your orders? t - Shout!
Orders for allies: a - Attack new target. r - Retreat! s - Stop attacking. g - Guard the area. f - Follow me.
Anything else - Cancel.
Gang up on whom?
Press: ? - help, Dir - move target, f - iguana
Aim: an iguana Attack!
Fuuwa closely misses the iguana.
You are too injured to fight recklessly!
You are too injured to fight recklessly!
Reach: q) +5 halberd
Press: ? - help, Dir - move target, f/p - iguana
Aim: an iguana (ally target, about 31% to evade your +5 halberd)
You hit the iguana.
The iguana is moderately wounded.
Reach: q) +5 halberd
Press: ? - help, Dir - move target, f/p - iguana
Aim: an iguana (moderately wounded, ally target, about 31% to evade your +5 halberd)
You puncture the iguana!
You kill the iguana!
Your Polearms skill increases to level 12!
Reach: q) +5 halberd
Press: ? - help, Dir - move target, f - you That would be overly suicidal.
Okay, then.
An orc warrior is nearby!
An orc warrior is nearby!
An orc warrior is nearby!
An orc warrior is nearby!
Things that are here:
a +0 shortbow; 26 arrows; a centaur corpse A gnoll comes into view.
It is wielding a +0 flail.
The orc warrior complains repeatedly, as Orcs often do.
You swap places.
Things that are here:
a +0 shortbow; 26 arrows; a centaur corpse The orc warrior hits you with a +0 short sword.
Fuuwa misses the orc warrior.
Fuuwa hits the orc warrior but does no damage.
The orc wizard closely misses you. The orc wizard casts a spell at you.
The puff of flame misses you.
You closely miss the orc. The orc hits you with a +0 hand axe.
The orc wizard hits you with a +0 dagger.
* * * LOW HITPOINT WARNING * * *
The orc warrior hits you with a +0 short sword!
* * * LOW HITPOINT WARNING * * *
Fuuwa hits the orc warrior but does no damage.
The orc closely misses you. The orc wizard closely misses you.
The orc misses you.
Fuuwa hits the orc warrior.
The orc hits you with a +0 whip.
* * * LOW HITPOINT WARNING * * *
The orc wizard casts a spell at you.
You are confused.
Unknown command.
You feel much better. The orc closely misses you.
The orc wizard points at you and mumbles some strange words.
The puff of flame hits you!
* * * LOW HITPOINT WARNING * * *
The orc hits you with a +0 hand axe!
* * * LOW HITPOINT WARNING * * *
It was a potion of mutation.
You feel extremely strange.
You feel the urge to shout.
Thin metallic scales grow over part of your body.
Large bone plates grow over parts of your arms.
The orc misses you. The orc hits you but does no damage.
The orc hits Fuuwa with a +0 hand axe.
Fuuwa hits the orc!
The orc dies!
You hit the orc but do no damage. The orc barely misses you.
The orc wizard hits you but does no damage.
The orc closely misses you. The orc wizard closely misses you.
You're too confused to move!
The orc closely misses you.
The orc wizard gestures at you while chanting.
The puff of flame hits you.
* * * LOW HITPOINT WARNING * * *
You closely miss Fuuwa.
You feel less confused.
Fuuwa barely misses the orc.
The orc hits you but does no damage. You block the orc wizard's attack.
You hit the orc wizard.
The orc wizard is lightly wounded.
Fuuwa hits the orc.
The orc hits you with a +0 whip.
* * * LOW HITPOINT WARNING * * *
The orc wizard gestures at you while chanting.
The magic dart hits you.
* * * LOW HITPOINT WARNING * * *
It was a potion of resistance.
You feel protected.
Fuuwa hits the orc but does no damage.
The orc barely misses you. The orc wizard barely misses you.
You slash the orc wizard!
You kill the orc wizard!
Fuuwa hits the orc!
The orc dies!
Your Dodging skill increases to level 6!
Things that are here:
a +0 whip; a +0 leather armour You see here a +0 leather armour.
The phantom closely misses you.
Things that are here:
a +0 robe; a +2 long sword The phantom hits Fuuwa!
The phantom blinks!
Fuuwa blinks!
You see here a +0 robe.
Fuuwa misses the phantom.
Fuuwa hits the phantom.
There is a stone staircase leading up here.
Fuuwa barely misses the phantom.
You climb upwards.
There is a stone staircase leading down here.
Fuuwa is recalled.
You start resting.
Magic restored.
You start resting.
You start to feel less resistant.
You start resting.
Your resistance to elements expires.
There is a stone staircase leading down here.
HP restored.
Done exploring.
You climb downwards.
The orc wizard shouts!
The hound barks!
The orc shouts!
The orc hits you with a +0 dagger. The orc hits you with a +0 hand axe.
The orc barely misses Fuuwa.
There is a stone staircase leading up here.
The orc warrior barely misses you. The orc hits you with a +0 dagger.
The orc hits you but does no damage.
The orc hits Fuuwa with a +0 hand axe.
You climb upwards.
There is a stone staircase leading down here.
You closely miss the orc.
Fuuwa barely misses the orc.
The orc hits you with a +0 dagger.
You slash the orc!
You kill the orc!
The orc hits you with a +0 hand axe.
The orc closely misses Fuuwa.
Fuuwa hits the orc!
The orc dies!
You have reached level 9!
Your experience leads to an increase in your attributes!
Increase (S)trength, (I)ntelligence, or (D)exterity?
You feel stronger.
Fuuwa remembers more of her old skill.
Ancestor HP restored.
HP restored.
Things that are here:
a +0 dagger; an orc corpse Done exploring.
Done exploring.
Done exploring.
Done exploring.
Unknown command.
Search for what [Enter for "pole", or ? for help]? armor Unknown command.
Search for what [Enter for "armor", or ? for help]? pole Unknown command.
There is a stone staircase leading down, spattered with blood here.
You climb downwards.
There is a stone staircase leading up here.
Things that are here:
a +0 robe; a +0 dagger; an orc skeleton
Things that are here:
a +0 ring mail; a +0 club; an orc skeleton
There is a stone staircase leading up here.
Things that are here:
a +0 ring mail; a +0 hand axe; an orc skeleton
Things that are here:
a +0 hand axe; an orc skeleton
Things that are here:
a +0 robe; a +0 dagger A gnoll comes into view.
It is wielding a +0 spear.
Things that are here:
a +0 robe; a +0 dagger You reach to attack!
You hit the gnoll but do no damage. The gnoll closely misses you.
You reach to attack!
You hit the gnoll.
The gnoll is heavily wounded.
The gnoll hits you from afar with a +0 spear.
You reach to attack!
You slash the gnoll!
You kill the gnoll!
Fuuwa hits the gnoll!
You see here a +0 spear.
You slice the gnoll!!
You kill the gnoll!
No target in view!
HP restored.
Things that are here:
26 arrows; a +0 shortbow; a centaur skeleton You swap places.
Found a book of Cantrips.
A giant cockroach comes into view.
A giant cockroach is nearby!
You puncture the giant cockroach!
You kill the giant cockroach!
No target in view!
You see here a giant cockroach corpse.
Found 14 sling bullets.
You see here 14 sling bullets.
Deactivating autopickup; reactivate with Ctrl-A.
You puncture something! Something hits you! Something hits you. x2
You swap places.
Something closely misses Fuuwa.
Fuuwa hits something.
Reach: q) +5 halberd
Press: ? - help, Dir - move target You reach to attack!
You miss something.
Something barely misses Fuuwa.
Something hits Fuuwa.
Fuuwa hits something but does no damage.
Something hits Fuuwa but does no damage.
Reach: q) +5 halberd
Press: ? - help, Dir - move target You reach to attack!
You slash something!
Something closely misses Fuuwa.
Something hits Fuuwa.
Fuuwa hits something.
Something misses Fuuwa.
What are your orders? t - Shout!
Orders for allies: a - Attack new target. r - Retreat! s - Stop attacking. g - Guard the area. f - Follow me.
Anything else - Cancel.
Retreat in which direction?
Press: ? - help, Dir - move target Fall back!
Something hits Fuuwa. x2
Something hits Fuuwa!
Something hits Fuuwa.
Reach: q) +5 halberd
Press: ? - help, Dir - move target You reach to attack!
You miss something.
Something misses Fuuwa.
Something barely misses Fuuwa.
Reach: q) +5 halberd
Press: ? - help, Dir - move target You could not reach far enough!
Something hits Fuuwa.
Fuuwa is destroyed!
Reach: q) +5 halberd
Press: ? - help, Dir - move target You reach to attack!
You closely miss something. Something hits you. Something barely misses you.
Reach: q) +5 halberd
Press: ? - help, Dir - move target You puncture something!
Something hits you. x2
Reach: q) +5 halberd
Press: ? - help, Dir - move target You completely miss something.
Something hits you. Something hits you but does no damage.
Reach: q) +5 halberd
Press: ? - help, Dir - move target You miss something.
Something hits you.
* * * LOW HITPOINT WARNING * * *
Reach: q) +5 halberd
Press: ? - help, Dir - move target, f - you That would be overly suicidal.
Okay, then.
Unknown command.
Reach: q) +5 halberd
Press: ? - help, Dir - move target You completely miss something.
You block something's attack. Something hits you.
* * * LOW HITPOINT WARNING * * *
Reach: q) +5 halberd
Press: ? - help, Dir - move target You barely miss something.
Something hits you but does no damage. You block something's attack.
Reach: q) +5 halberd
Press: ? - help, Dir - move target You closely miss something.
Something hits you but does no damage.
Reach: q) +5 halberd
Press: ? - help, Dir - move target You swing at nothing.
Something hits you!
* * * LOW HITPOINT WARNING * * *
You aren't carrying any potions.
You aren't carrying any potions.
Reach: q) +5 halberd
Press: ? - help, Dir - move target You closely miss something.
Something hits you!
* * * LOW HITPOINT WARNING * * *
Something hits you!
You die...

##############
.......@.....#
#########....#
####.####
####....##############
...................(..
####
#.####################
.... # ## # .# ##


There were no monsters in sight!

Vanquished Creatures
  Grinder (D:3)
  An orc warrior (D:5)
  3 sky beasts
  An ogre (D:4)
  2 centaurs
  A bullfrog (D:6)
  A wight (D:6)
  A jelly (D:5)
  An orc priest (D:3)
  3 iguanas
  Natasha (D:3)
  7 orc wizards
  A worker ant (D:4)
  5 gnolls
  6 adders
  2 ufetubi (D:5)
  A worm (D:2)
  2 dart slugs
  33 orcs
  4 ball pythons
  7 bats
  3 giant cockroaches
  3 goblins
  6 hobgoblins
  3 jackals (D:3)
  6 kobolds
  3 oozes
  7 quokkas
  6 frilled lizards
  A quokka skeleton (D:4)
  14 rats
136 creatures vanquished.

Vanquished Creatures (collateral kills)
  2 wights (D:6)
  An iguana (D:5)
  An adder (D:5)
  A white imp (D:5)
  3 orcs
8 creatures vanquished.

Vanquished Creatures (others)
  An ogre (D:5)
  9 ancestors
  9 fungi (D:5)
  11 plants
30 creatures vanquished.

Grand Total: 174 creatures vanquished

Notes
Turn   | Place    | Note
-------+----------+-------------------------------------------
     0 | D:5      | sleeves the Merfolk Delver began the quest for the Orb.
     0 | D:5      | Reached XP level 1. HP: 18/18 MP: 1/1
    48 | D:5      | Noticed a necrophage
    73 | D:6      | Found Refa's Antique Weapon Emporium.
    73 | D:6      | Noticed an orc warrior
    73 | D:6      | Noticed an orc wizard
    73 | D:6      | Noticed a phantom
   130 | D:5      | Reached skill level 4 in Polearms
   130 | D:5      | Reached XP level 2. HP: 21/24 MP: 2/2
   238 | D:5      | Noticed an ogre
   259 | D:5      | Reached skill level 5 in Polearms
   259 | D:5      | Reached XP level 3. HP: 20/29 MP: 3/3
   261 | D:5      | Noticed a sky beast
   279 | D:5      | HP: 14/29 [sky beast (5)]
   282 | D:5      | HP: 6/29 [sky beast (6)]
   318 | D:3      | Noticed Grinder
   645 | D:2      | HP: 8/29 [hobgoblin/+0 short sword (8)]
  1107 | D:2      | HP: 14/29 [kobold/+0 short sword (5)]
  1466 | D:1      | Reached skill level 6 in Polearms
  1709 | D:1      | Reached XP level 4. HP: 35/35 MP: 4/4
  2747 | D:2      | HP: 17/35 [orc/+0 falchion (7)]
  2762 | D:2      | HP: 10/35 [hobgoblin (5)]
  2791 | D:1      | HP: 12/35 [rat (1)]
  3358 | D:2      | Reached skill level 7 in Polearms
  3541 | D:3      | HP: 17/35 [orc/+0 flail (9)]
  3554 | D:3      | HP: 10/35 [orc/+0 flail (9)]
  3844 | D:2      | HP: 14/35 [orc wizard/+0 whip (8)]
  3848 | D:2      | Reached XP level 5. HP: 16/41 MP: 5/5
  4075 | D:3      | Paralysed by Grinder for 5 turns
  4079 | D:3      | HP: 17/41 [Grinder (4)]
  4080 | D:3      | HP: 8/41 [Grinder (6)]
  4081 | D:3      | HP: 1/41 [Grinder (7)]
  4085 | D:3      | Paralysed by Grinder for 3 turns
  4088 | D:3      | HP: 13/41 [Grinder (1)]
  4094 | D:3      | Killed Grinder
  4095 | D:3      | Reached skill level 9 in Polearms
  4095 | D:3      | Reached XP level 6. HP: 14/47 MP: 6/6
  4673 | D:3      | Noticed Natasha
  4677 | D:3      | Killed Natasha
  4678 | D:3      | Reached skill level 10 in Polearms
  5164 | D:4      | HP: 19/47 [orc/+0 flail (6)]
  5414 | D:4      | HP: 23/47 [gnoll/+0 spear (6)]
  5637 | D:3      | Reached XP level 7. HP: 46/52 MP: 7/7
  5829 | D:3      | Found a faded altar of an unknown god.
  6166 | D:4      | Found a staircase to the Ecumenical Temple.
  6922 | D:4      | Reached skill level 3 in Dodging
  7027 | D:5      | HP: 25/52 [sky beast (6)]
  7029 | D:5      | Reached skill level 11 in Polearms
  7029 | D:5      | Reached skill level 1 in Armour
  7239 | Temple   | Entered the Ecumenical Temple
  7552 | Temple   | Became a worshipper of Hepliaklqana the Forgotten
  7906 | D:5      | HP: 19/47 [centaur/arrow (13)]
  8221 | D:4      | Reached skill level 4 in Fighting
  8221 | D:4      | Reached skill level 4 in Dodging
  8221 | D:4      | Reached XP level 8. HP: 38/54 MP: 8/8
  9113 | D:6      | Reached skill level 2 in Armour
  9249 | D:6      | Reached skill level 5 in Dodging
  9319 | D:6      | Reached skill level 5 in Fighting
  9326 | D:5      | HP: 23/55 [something (6)]
  9332 | D:5      | HP: 22/55 [sky beast (2)]
  9633 | D:5      | HP: 16/55 [orc warrior/+0 scimitar (23)]
  9656 | D:5      | HP: 2/55 [orc warrior/+0 scimitar (18)]
 10015 | D:6      | HP: 27/55 [centaur/arrow (13)]
 10075 | D:6      | Reached skill level 12 in Polearms
 10086 | D:6      | HP: 27/56 [orc wizard/+0 dagger (3)]
 10095 | D:6      | HP: 13/56 [orc/+0 whip (5)]
 10097 | D:6      | Gained mutation: You occasionally shout uncontrollably at
                  | your foes. [potion of mutation]
 10097 | D:6      | Gained mutation: You are partially covered in thin metallic
                  | scales. (AC +2) [potion of mutation]
 10097 | D:6      | Gained mutation: You are partially covered in large bone
                  | plates. (SH +4) [potion of mutation]
 10100 | D:6      | HP: 8/56 [orc wizard/puff of flame (6)]
 10105 | D:6      | Reached skill level 6 in Dodging
 10391 | D:5      | Reached XP level 9. HP: 48/61 MP: 9/9
 10587 | D:6      | HP: 29/61 [something (4)]
 10592 | D:6      | HP: 6/61 [something (9)]
 10592 | D:6      | Slain by an unseen horror

Illustrated notes

Levels and vault maps discovered:
D:1:      dpeg_arrival_signposts, layout_basic
D:2:      minmay_alternating_diamond, layout_basic, minmay_misc_feat_rows,
          minmay_liquid_box
D:3:      layout_loops_ring, chequers_ecumenical_altar_lobes, uniq_grinder,
          uniq_natasha
D:4:      layout_rooms, minmay_temple_entry_statues, serial_forest,
          infiniplex_forest_join, infiniplex_forest_clump_diagonal,
          infiniplex_forest_end_1, infiniplex_forest_clump_tiny,
          infiniplex_forest_clump_tiny, infiniplex_forest_lined_corner,
          infiniplex_forest_lined_room_3, minivault_5
D:5:      layout_rooms, serial_aquarium, aquarium_bridge_long_joined
          [aquarium_subvault_balcony, aquarium_subvault_wall,
          aquarium_subvault_bridge, aquarium_subvault_wall,
          aquarium_subvault_wall, aquarium_subvault_bridge], aquarium_window_1,
          aquarium_window_fake, aquarium_window_1, aquarium_view_2e,
          aquarium_view_2d, aquarium_pool_split, chequers_mini_garden,
          uniq_menkaure
D:6:      layout_rooms, kennysheep_vampire_church, serial_shops, shop
Temple:   minmay_crystal_snake_temple

Skill      XL: |  1  2  3  4  5  6  7  8 |
---------------+-------------------------+-----
Polearms       | 4 5 6 7 9 10 11 12 | 12.0
Dodging        | 4 6 |  6.0
Armour         | 1 2 |  2.9
Fighting       | 4 5 |  5.6
Stealth        | |  5.4

Action                   |  1- 3 |  4- 6 |  7- 9 || total
-------------------------+-------+-------+-------++-------
Melee: Spear             |   122 |   282 |   258 ||   662
       Halberd           |       |       |    76 ||    76
Invok: Ancestor Identity |       |       |     2 ||     2
       Recall Ancestor   |       |       |     4 ||     4
Evoke: Wand              |     2 |       |       ||     2
  Use: Potion            |     1 |     3 |     3 ||     7
       Scroll            |     1 |       |     5 ||     6
 Stab: Sleeping          |    11 |    12 |     2 ||    25
       Distracted        |       |       |     4 ||     4
Armor: Leather armour    |    20 |       |       ||    20
       Ring mail         |     2 |    42 |    54 ||    98
Dodge: Dodged            |    58 |    86 |   106 ||   250
Block: Other             |       |       |     3 ||     3

Table legend: (Time is in decaauts)
 A = Elapsed time spent in this place.
 B = Non-inter-level travel time spent in this place.
 C = Inter-level travel time spent in this place.
 D = Time resting spent in this place.
 E = Time spent auto-exploring this place.
 F = Levels seen in this place.
 G = Mean time per level.
                   A        B        C        D        E       F      G
               +--------+--------+--------+--------+--------+-----+--------+
         Total |  10364 |   9646 |    718 |   1135 |   6338 |   7 | 1480.6 |
       Dungeon |  10029 |   9331 |    698 |   1135 |   6045 |   6 | 1671.5 |
        Temple |    334 |    314 |     20 |      0 |    293 |   1 |  334.0 |
               +--------+--------+--------+--------+--------+-----+--------+

Top non-repeatable levels by time:
     D:2: 2809 daAuts
     D:5: 2470 daAuts
     D:4: 1524 daAuts
     D:3: 1511 daAuts
     D:1: 1129 daAuts
     D:6: 583 daAuts
  Temple: 334 daAuts
